 Dungeon Crawl Stone Soup version 0.31-a0-210-gccc998df9b (webtiles) character file.

Game seed: 12435292729430068752

23 qw the Shooter (level 2, -3/17 HPs)
             Began as a Gargoyle Hexslinger on June 30, 2023.
             Slain by a goblin
             ... wielding a +0 club
             ... led by Robin
              (5 damage)
             ... on level 2 of the Dungeon.
             The game lasted 00:00:16 (900 turns).

qw the Shooter (Gargoyle Hexslinger)                 Turns: 900, Time: 00:00:17

Health: -3/17      AC:  7    Str: 11    XL:     2   Next: 95%
Magic:  3/3        EV: 10    Int: 13    God:
Gold:   39         SH:  0    Dex: 12    Spells: 2/3 levels left

rFire   . . .        Y - +1 sling
rCold   . . .        (no shield)
rNeg    + . .        d - +0 ring mail
rPois   inf          (no helmet)
rElec   +            (no cloak)
rCorr   .            (no gloves)
SInv    .            (no boots)
Will    .....        (no amulet)
Stlth   +            (no ring)
HPRegen 0.22/turn    (no ring)
MPRegen 0.08/turn

%: no passive effects
@: no status effects
A: sickness immunity, AC +2, negative energy resistance 1, electricity
resistance, torment resistance 1, petrification resistance
a: no special abilities


You were on level 2 of the Dungeon.
You visited 1 branch of the dungeon, and saw 2 of its levels.

You collected 39 gold pieces.


Innate Abilities, Weirdness & Mutations

You are immune to sickness and miasma.
Your stone body is resilient. (AC +2)
You are immune to poison.
You resist negative energy. (rN+)
You are resistant to electric shocks. (rElec)
You are resistant to unholy torment.
You are immune to petrification.


   Skills:
 + Level 1.9 Fighting
 - Level 3.0 Ranged Weapons
 - Level 1.5 Dodging
 - Level 1.0 Spellcasting
 - Level 2.6 Hexes


You had 2 spell levels left.
You knew the following spells:

 Your Spells              Type           Power      Damage    Failure   Level
a - Slow                  Hex            28%        N/A       22%         1

Your spell library contained the following spells:

 Spells                   Type           Power      Damage    Failure   Level
 Inner Flame              Hex/Fire       4%         N/A       75%         3
 Portal Projectile        Hex/Tloc       8%         N/A       75%         3
 Cause Fear               Hex            3%         N/A       92%         4

Inventory:

Hand Weapons
 Y - a +1 sling (weapon)
Armour
 d - a +0 ring mail (worn)
Scrolls
 a - a scroll of teleportation {unknown}
 e - a scroll of identify {unknown}
Potions
 b - a potion of enlightenment {unknown}
 c - a potion of haste {unknown}
 f - a potion of invisibility {unknown}
 g - a potion of might {unknown}

Dungeon Overview and Level Annotations

Branches:
Dungeon (2/15)

Altars:

Annotations:
D:2 Robin


Message History

Robin, 2 hobgoblins and 6 goblins come into view.
Robin shouts!
The goblin shouts! x4; The hobgoblin shouts!
The goblin shouts!
You hear a shout! x2
Robin roars a battlecry!
The goblins go into a battle-frenzy!
Found a silvery potion and a scroll labelled CUGGIQ ITROZU.
Enter note:
Enter note: You shoot a sling bullet.
The sling bullet closely misses the goblin. x2
The sling bullet hits the goblin.
You kill the goblin!
A goblin comes into view. It is wielding a +0 club. x2
A hobgoblin comes into view. x2
You shoot a sling bullet.
The sling bullet closely misses the goblin.
The sling bullet barely misses the goblin.
The sling bullet misses the goblin.
The hobgoblin shouts!
The goblin shouts!
The sling bullet hits the goblin but does no damage.
Robin throws the goblin at you! The goblin hits you with a +0 dagger.
The goblin hits you with a +0 club.
You shoot a sling bullet. The sling bullet hits the goblin.
The goblin is moderately wounded.
The goblin barely misses you. The goblin hits you but does no damage.
You shoot a sling bullet. The sling bullet hits the goblin.
You kill the goblin!
Robin says, "My army is invincible!"
The goblin closely misses you. The goblin hits you but does no damage.
The hobgoblin hits you but does no damage.
You shoot a sling bullet. The sling bullet hits the hobgoblin.
The hobgoblin is almost dead.
The goblin closely misses you.
A hobgoblin opens the door.
Enter note:
Enter note: You shoot a sling bullet.
The sling bullet barely misses the hobgoblin.
The goblin hits you with a +0 club. The hobgoblin hits you.
The goblin closely misses you. The goblin hits you with a +0 club.
You die...

####<..#...###.##
#.#
.............#..#
#.#
###..........##.#
#.#
.............##'##
.>.........#.....#
......####.###...#
......# #...#...#
##### ......#
###.'.gg#gg....
......#
###..@gggg.).
#######
#..g#g....? #...#
g#### ##### #


You could see Robin, 4 hobgoblins and 6 goblins.

Vanquished Creatures
  2 ball pythons
  2 endoplasms (D:1)
  2 giant cockroaches (D:1)
  2 goblins (D:2)
  2 hobgoblins
  A quokka (D:1)
  3 bats
  2 frilled lizards
  2 kobolds
  4 rats
22 creatures vanquished.

Notes
Turn   | Place    | Note
-------+----------+-------------------------------------------
     0 | D:1      | qw the Gargoyle Hexslinger began the quest for the Orb.
     0 | D:1      | Reached XP level 1. HP: 12/12 MP: 2/2
     0 | D:1      | 0 ||| qw: Version: 0.3-a-26-gee661ec
     0 | D:1      | 0 ||| qw: Game counter: 7224
     0 | D:1      | 0 ||| qw: Melee chars always use a shield: true
     0 | D:1      | 0 ||| qw: God list: Okawaru
     0 | D:1      | 0 ||| qw: Allow faded altars: false
     0 | D:1      | 0 ||| qw: Do Orc after clearing Dungeon:15 true
     0 | D:1      | 0 ||| qw: Do second Lair branch before Depths: true
     0 | D:1      | 0 ||| qw: Lair rune preference: random
     0 | D:1      | 0 ||| qw: Goals: Normal
     0 | D:1      | 0 ||| PLANNING D:1-11
   489 | D:1      | Reached XP level 2. HP: 16/16 MP: 3/3
   550 | D:1      | Reached skill level 3 in Ranged Weapons
   733 | D:1      | 733 ||| UPGRADING to +0 ring mail.
   743 | D:1      | 743 ||| DROPPING +0 robe.
   744 | D:1      | 744 ||| READING scroll labelled SAFEBACKUI.
   745 | D:1      | 745 ||| DROPPING scroll of poison.
   894 | D:2      | Noticed Robin
   900 | D:2      | HP: 2/17 [hobgoblin[Robin] (6)]
   900 | D:2      | Slain by a goblin

Levels and vault maps discovered:
D:1:      onia_arrival_pyramid, layout_loops_ring, serial_bayou_crossing
D:2:      layout_basic, uniq_robin, uniq_jessica

Skill      XL: |  1  2 |
---------------+-------+-----
Ranged Weapons | 3 |  3.0
Fighting       | |  1.9
Dodging        | |  1.5
Spellcasting   | |  1.0
Hexes          | |  2.6

Action                     || total
---------------------------++-------
   Fire: Sling             ||    71
    Use: Scroll            ||     1
 Armour: Ring mail         ||    11
         Robe              ||     7
  Dodge: Dodged            ||    31

Table legend:
 A = Non-vault XP
 B = Vault XP
 C = Vault XP percentage of total XP
 D = Non-vault monster count
 E = Vault monster count
 F = Vault count percentage of total count
                 A         B        C        D         E       F
            +---------+---------+-------+---------+---------+-------
      Total |      29 |       4 |  12.1 |      20 |       2 |   9.1
            +---------+---------+-------+---------+---------+-------
        D:1 |      20 |       0 |   0.0 |      13 |       0 |   0.0
        D:2 |       9 |       4 |  30.8 |       7 |       2 |  22.2
            +---------+---------+-------+---------+---------+-------
